AoeStats
← Fedex087

Arena

510171439Analyzed
4v4 RM · 15h ago on Sep 29, 2026· 34m 11s· 8 players
Game mode
Random Map
Map size
Large (8 player)
Population
200
Speed
Normal
Resources
Standard
Victory
Conquest
Starting age
Dark Age
Ending age
Imperial Age
RankedLock teamsTeams togetherTeam positionsShared explorationLock speedFull tech treeHidden civsTurbo modeCheats
Victory
Defeat
🇿🇦 Hindustanis · South Africa
1190
+15
🇮🇳 Persians · India
1184
+15
🇵🇹 Franks · Portugal
1161
+16
🇩🇪 Japanese · Germany
1152
+16
🇨🇳 Khmer · China
1201
-17
🇦🇷 Armenians · Argentina
1180
-16
🇺🇸 Danes · United States
1149
-15
🇧🇷 Bohemians · Brazil
1112
-14
Pu77h3md0wn
9:42 Feudal Age
8:04 Loom
11:51 Loom
15:12 Castle Age
13:24 Double-Bit Axe
13:49 Horse Collar
15:20 Forging
15:51 Scale Mail Armor
19:09 Fletching
21:43 Gold Mining
26:03 Squires
29:47 Imperial Age
29:41 Wheelbarrow
30:49 Chain Mail Armor
31:09 Iron Casting
30:00 Capped Ram
31:08 Conscription
34:09 Blast Furnace
LIGHTYRIX
5:02 Loom
10:58 Feudal Age
12:21 Double-Bit Axe
12:30 Horse Collar
15:53 Castle Age
17:33 Bow Saw
18:28 Heavy Plow
23:35 Gold Mining
24:22 Wheelbarrow
23:44 Stone Mining
25:46 Hand Cart
26:07 Gold Shaft Mining
26:10 Stone Shaft Mining
28:34 Forging
28:29 Scale Barding Armor
31:07 Imperial Age
30:19 Iron Casting
29:48 Scale Mail Armor
29:41 Fletching
29:53 Padded Archer Armor
30:49 Caravan
Uhtred
10:06 Feudal Age
10:15 Loom
15:45 Castle Age
28:01 Wheelbarrow
27:22 Town Watch
28:01 Horse Collar
28:10 Double-Bit Axe
30:24 Scale Mail Armor
30:34 Forging
32:41 Hand Cart
32:34 Squires
33:06 Arson
35:03 Chain Mail Armor
35:24 Iron Casting
Zé Gui
10:51 Feudal Age
9:07 Loom
13:16 Double-Bit Axe
15:43 Castle Age
18:39 Scale Barding Armor
19:34 Bow Saw
24:22 Chain Barding Armor
24:12 Forging
24:35 Gold Mining
24:40 Stone Mining
25:02 Husbandry
29:39 Imperial Age
30:00 Wheelbarrow
30:05 Iron Casting
29:41 Cavalier
31:00 Plate Barding Armor
31:13 Fortified Wall
31:59 Paladin
33:43 Blast Furnace
Morningstar
10:58 Feudal Age
11:24 Horse Collar
12:10 Double-Bit Axe
15:27 Castle Age
14:58 Gold Mining
16:26 Bow Saw
16:32 Heavy Plow
18:41 Wheelbarrow
21:04 Hand Cart
20:47 Loom
20:50 Town Watch
21:28 Forging
21:18 Loom
21:52 Hand Cart
22:29 Scale Mail Armor
23:21 Squires
laofengzi
9:52 Feudal Age
13:16 Castle Age
11:35 Double-Bit Axe
12:39 Horse Collar
21:59 Loom
Luigi
8:41 Loom
10:26 Feudal Age
15:31 Castle Age
13:50 Double-Bit Axe
14:14 Horse Collar
19:04 Fletching
22:09 Bodkin Arrow
Fedex087
11:19 Feudal Age
13:12 Wheelbarrow
12:53 Double-Bit Axe
15:47 Castle Age
17:20 Horse Collar
20:48 Bow Saw
24:45 Hand Cart
29:21 Imperial Age
28:00 Forging
27:51 Scale Mail Armor
27:41 Fletching
27:52 Padded Archer Armor
30:12 Ballistics
29:47 Gold Mining
30:03 Elite Composite Bowman
32:39 Pikeman
33:19 Squires
33:59 Iron Casting
33:40 Chain Mail Armor
Connection lost

Rejoining the realm…

Still unreachable

The connection could not be restored.

Session expired

The server has moved on; the page needs a fresh start.